 Dungeon Crawl Stone Soup version 0.22-a0-136-g83a10e5 (webtiles) character file.

1287 Armakuni the Changer (level 8, -1/68 HPs)
             Began as a Naga Transmuter on Feb 3, 2018.
             Was a Believer of the Shining One.
             Slain by Duvessa
             ... wielding a +0 short sword
              (8 damage)
             ... on level 6 of the Dungeon.
             The game lasted 00:17:20 (5237 turns).

Armakuni the Changer (Naga Transmuter)              Turns: 5237, Time: 00:17:22

Health: -1/68      AC:  2    Str: 12    XL:     8   Next: 55%
Magic:  12/14      EV: 24    Int: 17    God:    the Shining One [**....]
Gold:   291        SH:  6    Dex: 21    Spells: 4/16 levels left

rFire    + . .     SeeInvis +     - Unarmed
rCold    . . .     Gourm    .   (shield currently unavailable)
rNeg     + + .     Faith    .   (armour currently unavailable)
rPois    x         Spirit   .   (helmet currently unavailable)
rElec    .         Reflect  .   (cloak currently unavailable)
rCorr    .         Harm     .   (gloves currently unavailable)
MR       +....                  (no barding)
Stlth    +.........             (no amulet)
HPRegen  0.21/turn              N - ring of positive energy
MPRegen  0.14/turn              F - ring of protection from fire

@: agile, divine shield, spider-form (expiring), glowing
A: tiny, see invisible, slow metabolism 1, spit poison 1, AC +2
a: Spit Poison, End Transformation, Divine Shield, Renounce Religion


You were on level 6 of the Dungeon.
You worshipped the Shining One.
The Shining One was pleased with you.
You were not hungry.
You were a venomous arachnid creature.
You visited 1 branch of the dungeon, and saw 6 of its levels.

You collected 291 gold pieces.

Inventory:

Missiles
 a - 78 arrows
 p - 4 steel tomahawks (quivered)
Armour
 f - a +0 robe (melded)
 h - the +4 chain mail "Trusted Companion" {-Tele rElec rPois Int+6, unknown}
   (You found it on level 6 of the Dungeon)

   It affects your intelligence (+6).
   It insulates you from electricity.
   It protects you from poison.
   It prevents most forms of teleportation.
 t - a +0 helmet (melded)
 x - a +0 cloak (melded)
Jewellery
 r - an uncursed amulet of harm {unknown}
 F - a ring of protection from fire (right front leg)
 K - an uncursed ring of resist corrosion
 N - a ring of positive energy (left front leg)
 P - an uncursed ring of poison resistance
Wands
 u - a wand of flame (30)
 v - a wand of acid (11)
Scrolls
 e - 3 scrolls of remove curse
 m - 6 scrolls of enchant weapon
 n - 2 scrolls of teleportation
Potions
 b - a potion of might {unknown}
 g - a potion of degeneration
 i - a potion of invisibility {unknown}
 j - a potion of agility
 k - 2 potions of cancellation {unknown}
 l - a potion of flight {unknown}
 o - a potion of brilliance {unknown}
 q - a potion of haste {unknown}
 s - 2 potions of curing {unknown}
 z - a potion of lignification {unknown}
Books
 c - a book of Changes

   Spells                             Type                      Level
   a - Beastly Appendage              Transmutation                1
   b - Sticks to Snakes               Transmutation                2
   c - Spider Form                    Transmutation/Poison         3
   d - Ice Form                       Ice/Transmutation            4
   e - Blade Hands                    Transmutation                5
Comestibles
 d - 12 rations
 A - 2 chunks of flesh


   Skills:
 - Level 2.9 Fighting
 - Level 1.5 Dodging
 - Level 4.1 Unarmed Combat
 - Level 4.6 Spellcasting
 - Level 5.2 Transmutations
 - Level 5.0 Ice Magic
 - Level 3.6 Poison Magic
 + Level 1.4 Invocations


You had 4 spell levels left.
You knew the following spells:

 Your Spells              Type           Power        Failure   Level  Hunger
h - Spider Form           Tmut/Pois      ###.......   19%         3    ###....
n - Ice Form              Ice/Tmut       ###.....     38%         4    ####...
w - Blade Hands           Tmut           ###.......   65%         5    ######.


Dungeon Overview and Level Annotations

Branches:
Dungeon (6/15)
 Temple: D:4-7

Altars:
Cheibriados
Dithmenos
Kikubaaqudgha
Makhleb
Ru
Uskayaw
Xom
Zin
The Shining One

Annotations:
D:6 Duvessa


Innate Abilities, Weirdness & Mutations

You cannot wear boots.
((Your serpentine skin is tough. (AC +2)))
You have supernaturally acute eyesight. (SInv)
((Armour fits poorly on your strangely shaped body.))
((Your system is resistant to poisons. (rPois)))
((You cover ground very slowly.))
You have a slow metabolism.
You can spit poison.


Message History

Unknown command.
You hit Duvessa but do no damage.
Duvessa looks as sick as possible!
Duvessa is severely wounded.
You block Duvessa's attack. Duvessa barely misses you.
Unknown command.
You hit Duvessa.
Duvessa looks as sick as possible!
Duvessa is almost dead.
Your transformation is almost over.
You block Duvessa's attack.
An orc wizard comes into view. It is wielding a dagger.
Unknown command.
You hit Duvessa but do no damage.
Duvessa looks as sick as possible!
Duvessa is almost dead.
Duvessa hits you with a short sword!
* * * LOW HITPOINT WARNING * * *
Unknown command.
As you read the scroll of fear, it crumbles to dust.
You assume a fearsome visage.
The orc priest looks frightened!
The orc wizard looks frightened!
Duvessa hits you with a short sword!
You die...

##≈##.##≈##..........
#≈≈._.#≈'..........#
##≈##.##≈##....#....#
#≈≈≈###≈≈≈#....######
# #≈≈≈≈≈≈≈≈≈#.##.# #
... #⌠≈≈###≈≈⌠#.####
# .....#####.#####.#
#######
#.o.oe.)......#
#......
##..##s.#....##
#...... .'...
+..+....# #....).
..)##.. #..#....#
#...... .. #+#
#..#....# #...... .
######### #......
#...... #......
#...... #####......


You could see Duvessa (berserk), an orc priest (fleeing) and an orc wizard
(fleeing).

Vanquished Creatures
  The ghost of Yosebu the Fighter, a novice KoHu (D:6)
  The ghost of Daviar the Skirmisher, an amateur OpAK of Lugonu (D:3)
  An ogre (D:6)
  A bullfrog (D:6)
  Dowan (D:6)
  2 crimson imps (D:5)
  7 orc priests
  2 centaur skeletons
  Jessica (D:2)
  Ijyb (D:4)
  2 worker ants
  An orc wizard (D:4)
  Robin (D:4)
  3 gnolls (D:2)
  6 adders
  A shadow imp (D:5)
  2 adder skeletons
  5 worms
  A dart slug (D:1)
  5 leopard geckos
  19 orcs
  3 ball pythons
  2 giant cockroaches
  14 goblins
  8 hobgoblins
  8 kobolds
  2 quokkas
  8 bats
  6 frilled lizards
  A giant cockroach zombie (D:4)
  A quokka skeleton (D:5)
  11 rats
128 creatures vanquished.

Notes
Turn   | Place    | Note
-------+----------+-------------------------------------------
     0 | D:1      | Armakuni the Naga Transmuter began the quest for the Orb.
     0 | D:1      | Reached XP level 1. HP: 18/18 MP: 3/3
   180 | D:1      | Reached XP level 2. HP: 24/25 MP: 5/5
   769 | D:2      | Reached XP level 3. HP: 17/32 MP: 4/6
   793 | D:2      | Noticed Jessica
   831 | D:1      | Learned a level 3 spell: Spider Form
  1025 | D:2      | Reached skill level 1 in Poison Magic
  1029 | D:2      | Reached XP level 4. HP: 25/39 MP: 3/7
  1212 | D:2      | Killed Jessica
  1722 | D:2      | Found a glowing golden altar of the Shining One.
  1744 | D:2      | Reached XP level 5. HP: 43/46 MP: 3/8
  1806 | D:2      | Learned a level 4 spell: Ice Form
  1807 | D:2      | Became a worshipper of the Shining One
  2086 | D:3      | Noticed Daviar's ghost (amateur OpAK)
  2109 | D:3      | Killed Daviar's ghost
  2109 | D:3      | Reached XP level 6. HP: 28/55 MP: 6/9
  2600 | D:3      | Found a shadowy altar of Dithmenos.
  2600 | D:3      | Found a glowing silver altar of Zin.
  2605 | D:3      | Found a hide-covered altar of Uskayaw.
  2607 | D:3      | Found an ancient bone altar of Kikubaaqudgha.
  2608 | D:3      | Found a burning altar of Makhleb.
  2854 | D:4      | Reached * piety under the Shining One
  3112 | D:4      | Noticed Ijyb
  3119 | D:4      | Killed Ijyb
  3119 | D:4      | Reached XP level 7. HP: 56/61 MP: 8/10
  3143 | D:4      | Noticed Robin
  3156 | D:4      | Killed Robin
  3916 | D:5      | Entered Level 5 of the Dungeon
  4227 | D:5      | Reached ** piety under the Shining One
  4242 | D:5      | Reached skill level 5 in Transmutations
  4335 | D:5      | Reached skill level 5 in Ice Magic
  4654 | D:6      | Noticed Yosebu's ghost (novice KoHu)
  4664 | D:6      | Reached XP level 8. HP: 28/68 MP: 7/12
  4669 | D:6      | Killed Yosebu's ghost
  4679 | D:5      | Learned a level 5 spell: Blade Hands
  4928 | D:6      | Got a scorched chain mail
  4935 | D:6      | Found a shimmering altar of Xom.
  4986 | D:6      | Found a sacrificial altar of Ru.
  5165 | D:6      | Found a snail-covered altar of Cheibriados.
  5206 | D:6      | Noticed Dowan
  5213 | D:6      | Killed Dowan
  5213 | D:6      | Reached skill level 1 in Invocations
  5219 | D:6      | Noticed Duvessa
  5237 | D:6      | Slain by Duvessa

Vault maps used:
D:1:      matt_arrival_diagonals
D:2:      tso_metal_star, uniq_jessica
D:3:      chequers_temple_overflow_minitemple, hangedman_decor_points
D:4:      uniq_robin, uniq_ijyb
D:5:      first_ration
D:6:      xom_butterflies, basic_altar, grunt_decor_arrowhead,
          cheibrodos_worm_habitat, uniq_duvessa

Skill      XL: |  1  2  3  4  5  6  7  8 |
---------------+-------------------------+-----
Fighting       | 2 |  2.9
Poison Magic   | 2 3 |  3.6
Transmutations | 3 4 5 |  5.2
Ice Magic      | 2 3 5 |  5.0
Spellcasting   | 4 |  4.6
Unarmed Combat | 4 |  4.1
Invocations    | 1 |  1.4
Dodging        | |  1.5

Action                   |  1- 3 |  4- 6 |  7- 9 || total
-------------------------+-------+-------+-------++-------
Melee: Unarmed           |    68 |   187 |   189 ||   444
       Headbutt          |     6 |     7 |       ||    13
       Punch             |     1 |     1 |       ||     2
Throw: Tomahawk          |       |       |     1 ||     1
 Cast: Beastly Appendage |    10 |    12 |       ||    22
       Spider Form       |     2 |    12 |    12 ||    26
       Ice Form          |       |       |     1 ||     1
Invok: Divine Shield     |       |       |     1 ||     1
 Abil: Spit Poison       |    12 |     2 |       ||    14
Evoke: Wand              |       |       |     3 ||     3
  Use: Scroll            |       |     7 |     4 ||    11
       Potion            |       |       |     3 ||     3
  Eat: Chunk             |     1 |     7 |     6 ||    14
       Ration            |       |       |     1 ||     1
Armor: Robe              |    11 |    28 |    24 ||    63
       Skin              |     1 |     4 |     8 ||    13
Dodge: Dodged            |    44 |   125 |   104 ||   273
Block: Other             |       |       |     4 ||     4

Table legend:
 A = Spawn XP
 B = Non-spawn XP
 C = Spawn XP percentage of total XP
 D = Spawn monster count
 E = Non-spawn monster count
 F = Spawn count percentage of total count
 G = Total turns spent on level
                    A         B        C        D         E        F      G
               +---------+---------+-------+---------+---------+-------+---------
         Total |       0 |    1839 |   0.0 |       0 |     128 |   0.0 |  5237
               +---------+---------+-------+---------+---------+-------+---------
           D:1 |       0 |      34 |   0.0 |       0 |      19 |   0.0 |   933
           D:2 |       0 |     141 |   0.0 |       0 |      24 |   0.0 |  1077
           D:3 |       0 |     340 |   0.0 |       0 |      33 |   0.0 |  1042
           D:4 |       0 |     359 |   0.0 |       0 |      30 |   0.0 |   991
           D:5 |       0 |     285 |   0.0 |       0 |      13 |   0.0 |   845
           D:6 |       0 |     680 |   0.0 |       0 |       9 |   0.0 |   349
               +---------+---------+-------+---------+---------+-------+---------
